 Dungeon Crawl Stone Soup version 0.29.0-4-gdea44cf6ec (webtiles) character file.

Game seed: 7772471781577447045

4767 qw the Cleaver (level 10, -2/90 HPs)
             Began as a Minotaur Berserker on Sept 6, 2022.
             Was a Believer of Trog.
             Slain by a yak (5 damage)
             ... on level 10 of the Dungeon.
             The game lasted 00:02:27 (7976 turns).

qw the Cleaver (Minotaur Berserker)                 Turns: 7976, Time: 00:02:27

Health: -2/90      AC: 13    Str: 25    XL:     10   Next: 23%
Magic:  9/9        EV: 13    Int:  4    God:    Trog [**....]
Gold:   146        SH:  0    Dex: 11    Spells: 9/9 levels left

rFire   . . .      SeeInvis .   Y - +1 hand axe
rCold   . . .      Faith    .   (no shield)
rNeg    + . .      Spirit   .   m - +0 chain mail
rPois   .          Reflect  .   (helmet restricted)
rElec   +          Harm     .   (no cloak)
rCorr   .          Rampage  .   h - +0 pair of gloves
Will    .....      Clarity  +   (no boots)
Stlth   ..........              (no amulet)
HPRegen 0.25/turn               b - +4 ring of evasion
MPRegen 0.11/turn               o - ring of positive energy

@: on berserk cooldown
A: horns 2, retaliatory headbutt, iridescent scales 1, clarity, electricity
resistance
a: Renounce Religion, Berserk, Trog's Hand


You were on level 10 of the Dungeon.
You worshipped Trog.
Trog was pleased with you.
You visited 1 branch of the dungeon, and saw 8 of its levels.

You collected 422 gold pieces.
You spent 276 gold pieces at shops.


Innate Abilities, Weirdness & Mutations

You have a pair of horns on your head.
You reflexively headbutt those who attack you in melee.
You are partially covered in iridescent scales. (AC +2)
You possess an exceptional clarity of mind.
You are resistant to electric shocks. (rElec)


   Skills:
 + Level 8.8 Fighting
 - Level 14.0 Axes
 - Level 3.3 Throwing
 - Level 7.3 Armour
 - Level 3.0 Dodging


You had 9 spell levels left.
You didn't know any spells.
Your spell library was empty.

Inventory:

Hand Weapons
 n - a +0 morningstar
 Y - a +1 hand axe (weapon)
Armour
 h - a +0 pair of gloves (worn)
 m - a +0 chain mail (worn)
 s - a +0 buckler
Jewellery
 b - a +4 ring of evasion (left hand)
 o - a ring of positive energy (right hand)
Scrolls
 l - a scroll of identify
Potions
 a - 2 potions of curing
 d - 2 potions of haste
 e - 3 potions of mutation
 f - 2 potions of lignification {unknown}
 g - a potion of brilliance {unknown}
 i - a potion of might {unknown}
 j - a potion of flight {unknown}
 p - a potion of magic {unknown}
 q - a potion of resistance {unknown}

Dungeon Overview and Level Annotations

Branches:
Dungeon (10/15)            Temple (0/1) D:4            Lair (0/5) D:10
    Orc: D:9-12

Altars:
Uskayaw

Shops:
D:6 (**:


Message History

You hit the water moccasin.
The water moccasin is lightly wounded.
You hit the water moccasin. You hit the plant.
The plant begins to die.
The water moccasin misses you. The water moccasin bites you.
You barely miss the water moccasin.
Your headbutt misses the water moccasin.
The water moccasin is moderately wounded.
You hit the plant. You hit the water moccasin.
The water moccasin barely misses you. The water moccasin closely misses you.
You furiously retaliate!
You headbutt the water moccasin! You closely miss the water moccasin.
The water moccasin is severely wounded.
You hit the plant. You hit the water moccasin.
The water moccasin bites you but does no damage.
The water moccasin barely misses you.
You miss the water moccasin.
Your headbutt misses the water moccasin.
The water moccasin is severely wounded.
You hit the plant. You closely miss the water moccasin.
The water moccasin closely misses you. You furiously retaliate!
You headbutt the water moccasin! You hit the water moccasin.
The water moccasin is severely wounded.
You barely miss the water moccasin. You hit the plant.
The water moccasin bites you but does no damage.
You slash the water moccasin!
You kill the water moccasin!
Trog accepts your kill.
You closely miss the water moccasin. You hit the yak. You slash the plant!
The water moccasin closely misses you. You furiously retaliate!
You headbutt the water moccasin! The yak gores you but does no damage.
You hit the water moccasin.
You kill the water moccasin!
Trog accepts your kill.
You completely miss the plant. You hit the yak. You closely miss the yak.
The yak is lightly wounded.
You hit the plant.
A nearby plant withers and dies.
The yak gores you.
You die...

...P.....#
>........#
.........#
..P...P..
......P..
.....P.S#
...P.s.Y###
.....s.@..#
.....P....#
.
......###.#
.>....
...... ...
......
....# ###
..... .
##..
...##.. ...
.....# ##
...# #


You could see a yak, a water moccasin and 2 scorpions.

Vanquished Creatures
  Erica (D:10)
  A two-headed ogre (D:10)
  Pikel (D:5)
  A komodo dragon (D:10)
  Grinder (D:5)
  A vampire (D:6)
  A wyvern (D:10)
  3 yaks (D:10)
  2 water moccasins (D:10)
  3 ice beasts
  An ogre (D:5)
  A lemure (D:5)
  A phantom (D:6)
  A kobold brigand (D:6)
  2 bullfrogs
  Blork the orc (D:5)
  4 scorpions
  A necrophage (D:6)
  2 howler monkeys
  5 hounds
  2 jellies (D:4)
  A gnoll bouda (D:6)
  5 iguanas
  3 orc wizards (D:5)
  9 gnolls
  8 adders
  A white imp (D:7)
  3 dart slugs
  12 orcs
  5 ball pythons
  7 endoplasms
  2 giant cockroaches
  7 goblins
  5 hobgoblins
  2 jackals (D:4)
  5 quokkas
  3 bats
  A frilled lizard (D:3)
  15 kobolds
  4 rats
134 creatures vanquished.

Vanquished Creatures (others)
  39 fungi (D:10)
  32 plants (D:10)
71 creatures vanquished.

Grand Total: 205 creatures vanquished

Notes
Turn   | Place    | Note
-------+----------+-------------------------------------------
     0 | D:1      | qw the Minotaur Berserker began the quest for the Orb.
     0 | D:1      | Reached XP level 1. HP: 19/19 MP: 0/0
     0 | D:1      | 0 ||| qw: Version: 0.1-a-108-g9e35731
     0 | D:1      | 0 ||| qw: Game counter: 6303
     0 | D:1      | 0 ||| qw: Always use a shield: true
     0 | D:1      | 0 ||| qw: Do Orc after D:15 true
     0 | D:1      | 0 ||| qw: Do second Lair branch before Depths: true
     0 | D:1      | 0 ||| qw: Lair rune preference: random
     0 | D:1      | 0 ||| qw: Plans: Normal
     0 | D:1      | 0 ||| PLANNING D:1-11
    42 | D:1      | 42 ||| Stepping ~*~*~tactically~*~*~ (stealth).
    44 | D:1      | 44 ||| Stepping ~*~*~tactically~*~*~ (stealth).
    93 | D:1      | Reached skill level 4 in Axes
   180 | D:1      | Reached XP level 2. HP: 26/26 MP: 1/1
   308 | D:1      | 308 ||| Stepping ~*~*~tactically~*~*~ (stealth).
   309 | D:1      | 309 ||| Stepping ~*~*~tactically~*~*~ (stealth).
   311 | D:1      | 311 ||| Stepping ~*~*~tactically~*~*~ (stealth).
   313 | D:1      | 313 ||| Stepping ~*~*~tactically~*~*~ (stealth).
   568 | D:1      | 568 ||| Stepping ~*~*~tactically~*~*~ (stealth).
   581 | D:1      | 581 ||| INVOKING Berserk.
   744 | D:1      | 744 ||| DROPPING +0 club.
   760 | D:1      | 760 ||| Stepping ~*~*~tactically~*~*~ (hiding).
   869 | D:1      | Found a faded altar of an unknown god.
   880 | D:1      | Reached skill level 5 in Axes
   930 | D:1      | 930 ||| Stepping ~*~*~tactically~*~*~ (hiding).
  1087 | D:1      | Reached XP level 3. HP: 29/31 MP: 2/2
  1340 | D:1      | 1340 ||| UPGRADING to +0 leather armour.
  1350 | D:1      | 1350 ||| DROPPING +0 animal skin.
  1351 | D:1      | 1351 ||| UPGRADING to +0 pair of gloves.
  1356 | D:1      | 1356 ||| READING scroll labelled FAMNOB NOAG.
  1457 | D:1      | 1457 ||| READING scroll labelled ROSHRO OHANKO LIA.
  1458 | D:1      | 1458 ||| DRINKING 5 pink potions.
  1458 | D:1      | Gained mutation: You occasionally lose the ability to drink
                  | potions when taking damage. [potion of mutation]
  1458 | D:1      | Lost mutation: You occasionally lose the ability to drink
                  | potions when taking damage. [potion of mutation]
  1458 | D:1      | Gained mutation: You occasionally lose the ability to drink
                  | potions when taking damage. [potion of mutation]
  1459 | D:1      | 1459 ||| DRINKING 4 potions of mutation.
  1459 | D:1      | Lost mutation: You occasionally lose the ability to drink
                  | potions when taking damage. [potion of mutation]
  1459 | D:1      | Gained mutation: Your body sometimes deteriorates upon
                  | taking damage. [potion of mutation]
  1459 | D:1      | Lost mutation: Your body sometimes deteriorates upon taking
                  | damage. [potion of mutation]
  1459 | D:1      | Gained mutation: You are frail. (-10% HP) [potion of
                  | mutation]
  1459 | D:1      | Gained mutation: Your flesh is heat resistant. (rF+)
                  | [potion of mutation]
  1460 | D:1      | 1460 ||| DRINKING 3 potions of mutation.
  1460 | D:1      | Lost mutation: You are frail. (-10% HP) [potion of
                  | mutation]
  1460 | D:1      | Lost mutation: Your flesh is heat resistant. (rF+) [potion
                  | of mutation]
  1460 | D:1      | Gained mutation: You sometimes lose your temper in combat.
                  | [potion of mutation]
  1492 | D:1      | 1492 ||| DRINKING 2 potions of mutation.
  1492 | D:1      | Lost mutation: You sometimes lose your temper in combat.
                  | [potion of mutation]
  1492 | D:1      | Gained mutation: You possess an exceptional clarity of
                  | mind. [potion of mutation]
  1492 | D:1      | Gained mutation: You are resistant to electric shocks.
                  | (rElec) [potion of mutation]
  1492 | D:1      | Gained mutation: You are partially covered in iridescent
                  | scales. (AC +2) [potion of mutation]
  1542 | D:2      | 1542 ||| Stepping ~*~*~tactically~*~*~ (stealth).
  1546 | D:2      | 1546 ||| Stepping ~*~*~tactically~*~*~ (stealth).
  1548 | D:2      | 1548 ||| INVOKING Berserk.
  1559 | D:2      | Reached skill level 6 in Axes
  1559 | D:2      | Reached XP level 4. HP: 21/39 MP: 3/3
  1738 | D:2      | 1738 ||| DROPPING +0 whip.
  1945 | D:2      | 1945 ||| Stepping ~*~*~tactically~*~*~ (stealth).
  1946 | D:2      | 1946 ||| Stepping ~*~*~tactically~*~*~ (stealth).
  1948 | D:2      | 1948 ||| Stepping ~*~*~tactically~*~*~ (stealth).
  1950 | D:2      | 1950 ||| Stepping ~*~*~tactically~*~*~ (stealth).
  1955 | D:2      | 1955 ||| FLEEEEING.
  1956 | D:2      | 1956 ||| FLEEEEING.
  2168 | D:2      | Reached ** piety under Trog
  2258 | D:2      | 2258 ||| FLEEEEING.
  2259 | D:2      | 2259 ||| FLEEEEING.
  2260 | D:2      | 2260 ||| FLEEEEING.
  2261 | D:2      | 2261 ||| FLEEEEING.
  2262 | D:2      | 2262 ||| FLEEEEING.
  2263 | D:2      | 2263 ||| FLEEEEING.
  2267 | D:2      | 2267 ||| FLEEEEING.
  2270 | D:2      | 2270 ||| STAIRDANCE
  2351 | D:1      | 2351 ||| READING scroll labelled SIEHISIOHI.
  2352 | D:1      | 2352 ||| READING scroll labelled ULLISEYTWYET.
  2418 | D:2      | 2418 ||| FLEEEEING.
  2419 | D:2      | 2419 ||| FLEEEEING.
  2420 | D:2      | 2420 ||| FLEEEEING.
  2421 | D:2      | 2421 ||| FLEEEEING.
  2422 | D:2      | 2422 ||| FLEEEEING.
  2423 | D:2      | 2423 ||| FLEEEEING.
  2424 | D:2      | 2424 ||| FLEEEEING.
  2425 | D:2      | 2425 ||| FLEEEEING.
  2427 | D:2      | 2427 ||| FLEEEEING.
  2428 | D:2      | 2428 ||| FLEEEEING.
  2429 | D:2      | 2429 ||| FLEEEEING.
  2430 | D:2      | 2430 ||| FLEEEEING.
  2431 | D:2      | 2431 ||| FLEEEEING.
  2432 | D:2      | 2432 ||| FLEEEEING.
  2433 | D:2      | 2433 ||| FLEEEEING.
  2434 | D:2      | 2434 ||| FLEEEEING.
  2435 | D:2      | 2435 ||| FLEEEEING.
  2436 | D:2      | 2436 ||| FLEEEEING.
  2437 | D:2      | 2437 ||| FLEEEEING.
  2438 | D:2      | 2438 ||| FLEEEEING.
  2439 | D:2      | 2439 ||| FLEEEEING.
  2440 | D:2      | 2440 ||| FLEEEEING.
  2441 | D:2      | 2441 ||| FLEEEEING.
  2442 | D:2      | 2442 ||| FLEEEEING.
  2443 | D:2      | 2443 ||| FLEEEEING.
  2444 | D:2      | 2444 ||| FLEEEEING.
  2445 | D:2      | 2445 ||| FLEEEEING.
  2446 | D:2      | 2446 ||| FLEEEEING.
  2458 | D:2      | 2458 ||| FLEEEEING.
  2461 | D:2      | 2461 ||| STAIRDANCE
  3338 | D:3      | Reached XP level 5. HP: 43/45 MP: 4/4
  3430 | D:3      | 3430 ||| UPGRADING to +0 chain mail.
  3440 | D:3      | 3440 ||| DROPPING +0 leather armour.
  3441 | D:3      | 3441 ||| READING scroll labelled ONEATHR CEFFAA.
  3442 | D:3      | 3442 ||| READING scroll labelled RURAR REZ FIA.
  3443 | D:3      | 3443 ||| READING scroll labelled WAONLETARO.
  3444 | D:3      | 3444 ||| DRINKING 2 viscous brown potions.
  3445 | D:3      | 3445 ||| DROPPING potion of attraction.
  3475 | D:4      | 3475 ||| STAIRDANCE
  3481 | D:3      | 3481 ||| INVOKING Berserk.
  3481 | D:3      | HP: 16/67 [orc/+0 hand axe (4)]
  3484 | D:3      | Reached skill level 7 in Axes
  3491 | D:3      | 3491 ||| Stepping ~*~*~tactically~*~*~ (stealth).
  3705 | D:4      | 3705 ||| STAIRDANCE
  3853 | D:4      | Reached XP level 6. HP: 52/52 MP: 5/5
  3887 | D:4      | 3887 ||| Stepping ~*~*~tactically~*~*~ (hiding).
  3897 | D:4      | Reached skill level 8 in Axes
  3985 | D:4      | 3985 ||| INVOKING Berserk.
  4097 | D:4      | 4097 ||| INVOKING Berserk.
  4325 | D:4      | Found a staircase to the Ecumenical Temple.
  4431 | D:4      | 4431 ||| READING scroll labelled INUN CIDGHAMAEX.
  4432 | D:4      | 4432 ||| DRINKING 2 lumpy golden potions.
  4433 | D:4      | 4433 ||| READING 2 scrolls of identify.
  4433 | D:4      | 4433 ||| IDENTIFYING fizzy pink potion
  4434 | D:4      | 4434 ||| DROPPING potion of berserk rage.
  4458 | D:5      | Entered Level 5 of the Dungeon
  4539 | D:5      | 4539 ||| Stepping ~*~*~tactically~*~*~ (stealth).
  4541 | D:5      | 4541 ||| Stepping ~*~*~tactically~*~*~ (hiding).
  4547 | D:5      | 4547 ||| INVOKING Berserk.
  4637 | D:5      | Reached skill level 9 in Axes
  4743 | D:5      | 4743 ||| Stepping ~*~*~tactically~*~*~ (hiding).
  4748 | D:5      | 4748 ||| INVOKING Berserk.
  4769 | D:5      | Reached skill level 3 in Armour
  5094 | D:5      | Noticed Pikel
  5103 | D:5      | 5103 ||| INVOKING Berserk.
  5107 | D:5      | Killed Pikel
  5108 | D:5      | Reached XP level 7. HP: 67/67 MP: 6/6
  5227 | D:5      | Noticed Blork the orc
  5231 | D:5      | 5231 ||| INVOKING Berserk.
  5233 | D:5      | Killed Blork the orc
  5234 | D:5      | Reached skill level 1 in Throwing
  5234 | D:5      | Reached XP level 8. HP: 74/74 MP: 7/7
  5373 | D:5      | 5373 ||| UPGRADING to +4 ring of evasion.
  5374 | D:5      | 5374 ||| Stepping randomly (stuck).
  5381 | D:5      | 5381 ||| INVOKING Berserk.
  5758 | D:5      | Reached skill level 10 in Axes
  5797 | D:5      | Noticed Grinder
  5798 | D:5      | 5798 ||| INVOKING Trog's Hand.
  5799 | D:5      | 5799 ||| INVOKING Berserk.
  5809 | D:5      | 5809 ||| INVOKING Trog's Hand.
  5811 | D:5      | Killed Grinder
  6086 | D:5      | Reached skill level 11 in Axes
  6320 | D:5      | 6320 ||| READING scroll labelled GALOKYONLI.
  6323 | D:5      | 6323 ||| DRINKING 3 bubbling golden potions.
  6324 | D:5      | 6324 ||| READING 2 scrolls of identify.
  6324 | D:5      | 6324 ||| IDENTIFYING fuming coppery potion
  6325 | D:5      | 6325 ||| DROPPING potion of degeneration.
  6345 | D:6      | Found Diuw's Assorted Antiques.
  6381 | D:6      | 6381 ||| Stepping ~*~*~tactically~*~*~ (stealth).
  6382 | D:6      | 6382 ||| Stepping ~*~*~tactically~*~*~ (stealth).
  6383 | D:6      | 6383 ||| Stepping ~*~*~tactically~*~*~ (stealth).
  6384 | D:6      | 6384 ||| Stepping ~*~*~tactically~*~*~ (stealth).
  6456 | D:6      | 6456 ||| Stepping ~*~*~tactically~*~*~ (stealth).
  6632 | D:6      | 6632 ||| DROPPING +0 flail.
  6643 | D:6      | Found Egheenk's Book Shoppe.
  6645 | D:6      | 6645 ||| BUYING amethyst potion (29 gold).
  6645 | D:6      | Bought an amethyst potion for 29 gold pieces
  6645 | D:6      | 6645 ||| BUYING amethyst potion (29 gold).
  6645 | D:6      | Bought an amethyst potion for 29 gold pieces
  6645 | D:6      | 6645 ||| BUYING glass ring (165 gold).
  6645 | D:6      | Bought a glass ring for 165 gold pieces
  6645 | D:6      | 6645 ||| SHOPLISTING potion of mutation (264 gold, have
                  | 58).
  6660 | D:6      | 6660 ||| Stepping ~*~*~tactically~*~*~ (hiding).
  6665 | D:6      | 6665 ||| INVOKING Berserk.
  6673 | D:6      | Reached XP level 9. HP: 80/80 MP: 8/8
  6851 | D:6      | Found Fetsanih's Assorted Antiques.
  6872 | D:6      | 6872 ||| SHOPLISTING potion of heal wounds (140 gold, have
                  | 95).
  6872 | D:6      | 6872 ||| SHOPLISTING runed scale mail (196 gold, have 95).
  6872 | D:6      | 6872 ||| BUYING sapphire potion (25 gold).
  6872 | D:6      | Bought a sapphire potion for 25 gold pieces
  6872 | D:6      | 6872 ||| BUYING scroll labelled NUORAH YTETAD (28 gold).
  6872 | D:6      | Bought a scroll labelled NUORAH YTETAD for 28 gold pieces
  6872 | D:6      | 6872 ||| SHOPLISTING scroll of identify (56 gold, have 42).
  6872 | D:6      | 6872 ||| SHOPLISTING shimmering flail (238 gold, have 42).
  6887 | D:6      | Found Hisiatt's Weapon Shoppe.
  6923 | D:6      | 6923 ||| SHOPLISTING +4 hand axe of Jefekkao {holy, rElec
                  | rF- Int+3 Stlth+} (456 gold, have 42).
  6923 | D:6      | 6923 ||| SHOPLISTING +4 morningstar of protection (294
                  | gold, have 42).
  6981 | D:6      | Reached skill level 12 in Axes
  7002 | D:6      | Found a hide-covered altar of Uskayaw.
  7197 | D:6      | 7197 ||| UPGRADING to ring of positive energy.
  7198 | D:6      | 7198 ||| READING scroll labelled NUORAH YTETAD.
  7199 | D:6      | 7199 ||| DRINKING 3 amethyst potions.
  7222 | D:7      | 7222 ||| STAIRDANCE
  7386 | D:7      | 7386 ||| STAIRDANCE
  7521 | D:7      | Identified the +8 dagger "Cemer" {spect, rF+ Int+6}
  7618 | D:7      | You fall into a shaft and drop 3 floors!
  7618 | D:10     | Entered Level 10 of the Dungeon
  7703 | D:10     | Reached skill level 13 in Axes
  7713 | D:10     | Noticed a two-headed ogre
  7715 | D:10     | 7715 ||| INVOKING Berserk.
  7718 | D:10     | Killed a two-headed ogre
  7845 | D:10     | 7845 ||| Stepping ~*~*~tactically~*~*~ (stealth).
  7858 | D:10     | Reached skill level 3 in Throwing
  7872 | D:10     | Reached skill level 3 in Dodging
  7915 | D:10     | Noticed Erica
  7916 | D:10     | 7916 ||| Stepping ~*~*~tactically~*~*~ (stealth).
  7917 | D:10     | 7917 ||| INVOKING Berserk.
  7924 | D:10     | Noticed a komodo dragon
  7926 | D:10     | Killed Erica
  7927 | D:10     | Reached XP level 10. HP: 88/88 MP: 9/9
  7932 | D:10     | Reached skill level 14 in Axes
  7949 | D:10     | 7949 ||| Stepping ~*~*~tactically~*~*~ (stealth).
  7950 | D:10     | 7950 ||| Stepping ~*~*~tactically~*~*~ (stealth).
  7951 | D:10     | Noticed a two-headed ogre
  7960 | D:10     | HP: 7/89 [two-headed ogre/+0 giant club (22)]
  7961 | D:10     | 7961 ||| READING scroll of teleportation.
  7962 | D:10     | 7962 ||| DRINKING potion of heal wounds.
  7964 | D:10     | Found a staircase to the Lair.
  7969 | D:10     | HP: 2/89 [water moccasin (6)]
  7976 | D:10     | Slain by a yak

Levels and vault maps discovered:
D:1:      dpeg_arrival_concentric_ovals, layout_basic,
          ebering_ecumenical_altar_webs, minmay_crystal_water, st_stairs_5
D:2:      layout_basic
D:3:      cheibrodos_old_hovel, layout_loops_ring
D:4:      layout_rooms, temple_fountains
D:5:      layout_layer_cave, kennysheep_generic_room_2, uniq_blork_the_orc,
          uniq_grinder, uniq_pikel
D:6:      layout_basic, amcnicky_altar_gilded, serial_shops, shop, shop,
          nicolae_square_shop, nicolae_stop_n_shop_1, kennysheep_generic_room_14
D:7:      layout_basic
D:10:     layout_loops_cross, due_lair_maze_entry_diamond,
          kennysheep_orc_monster_closet_entryway, uniq_erica

Skill      XL: |  1  2  3  4  5  6  7  8  9 10 |
---------------+-------------------------------+-----
Axes           | 4 5 6 7 9 11 13 14 | 14.0
Fighting       | 4 7 8 |  8.8
Armour         | 3 4 7 |  7.3
Throwing       | 1 2 3 |  3.3
Dodging        | 3 |  3.0

Action                   |  1- 3 |  4- 6 |  7- 9 | 10-12 || total
-------------------------+-------+-------+-------+-------++-------
Melee: Hand axe          |    57 |   140 |   191 |    22 ||   410
       Headbutt          |     8 |    18 |    40 |     3 ||    69
       Punch             |       |     2 |     3 |       ||     5
Throw: Boomerang         |       |    15 |       |       ||    15
       Javelin           |       |    10 |    14 |     2 ||    26
Invok: Berserk           |     2 |     6 |     6 |       ||    14
       Trog's Hand       |       |       |     2 |       ||     2
  Use: Potion            |     4 |     2 |     2 |     1 ||     9
       Scroll            |     2 |     7 |     3 |     1 ||    13
Armor: Animal skin       |    11 |       |       |       ||    11
       Leather armour    |       |    23 |       |       ||    23
       Chain mail        |       |    46 |    50 |     8 ||   104
Dodge: Dodged            |    27 |    50 |    54 |    12 ||   143

Table legend:
 A = Non-vault XP
 B = Vault XP
 C = Vault XP percentage of total XP
 D = Non-vault monster count
 E = Vault monster count
 F = Vault count percentage of total count
                 A         B        C        D         E       F
            +---------+---------+-------+---------+---------+-------
      Total |    3973 |    2837 |  41.7 |     116 |      17 |  12.8
            +---------+---------+-------+---------+---------+-------
        D:1 |      36 |       7 |  16.3 |      18 |       4 |  18.2
        D:2 |     121 |       0 |   0.0 |      21 |       0 |   0.0
        D:3 |     116 |       1 |   0.9 |      14 |       1 |   6.7
        D:4 |     226 |       0 |   0.0 |      12 |       0 |   0.0
        D:5 |     567 |    1235 |  68.5 |      17 |       6 |  26.1
        D:6 |     930 |      14 |   1.5 |      25 |       1 |   3.8
        D:7 |     361 |       0 |   0.0 |       4 |       0 |   0.0
       D:10 |    1616 |    1580 |  49.4 |       5 |       5 |  50.0
            +---------+---------+-------+---------+---------+-------
